General information
- name: BNet
- type: Ladder team game (AT/RT)
- host: Battle.net
- saver: Dexanth
map: Highperch
- players: 6
- length: 287:10
- speed: Fast
- version: 1.21 W3XP
- replay type: Public
» download(715 KB)
Players
team 1 (loser)
Ileaveonfb (
purple | 27 APM | 3432 actions | 127:05)
5 Far Seer
2 Feral Spirit
3 Chain Lighting
1 Pit Lord
1 Rain of Fire
» actions
| Assign group hotkey | 9 | |
| Basic commands | 27 | |
| Build / train | 88 | |
| Enter build submenu | 21 | |
| Enter hero's abilities submenu | 9 | |
| Right click | 2190 | |
| Select / deselect | 944 | |
| Select group hotkey | 17 | |
| Use ability | 127 | |
3432 total
» units
| Peon | 9 | |
| Grunt | 11 | |
| Troll Witch Doctor | 9 | |
| Tauren | 6 | |
| Troll Batrider | 25 | |
| Spirit Walker | 2 | |
62 total
» upgrades
| Berserker Strength | 1 | |
| Witch Doctor Training | 2 | |
| Melee Weapons | 1 | |
| Armor | 1 | |
| Pulverize | 1 | |
| Ranged Weapons | 2 | |
| Liquid Fire | 1 | |
| Envenomed Spears | 1 | |
10 total
» buildings
| Altar of Storms | 1 | |
| Orc Burrow | 9 | |
| Barracks | 1 | |
| Stronghold | 1 | |
| Voodoo Lounge | 1 | |
| Fortress | 1 | |
| Spirit Lodge | 1 | |
| War Mill | 1 | |
| Tauren Totem | 1 | |
| Beastiary | 3 | |
20 total
» build order
00:04 Altar of Storms
00:23 Orc Burrow
00:39 Barracks
01:30 Orc Burrow
01:54 Orc Burrow
03:40 Stronghold
04:47 Voodoo Lounge
05:41 Orc Burrow
07:07 Fortress
07:12 Spirit Lodge
08:39 War Mill
10:10 Tauren Totem
10:26 Orc Burrow
10:26 Orc Burrow
11:54 Orc Burrow
14:16 Beastiary
14:32 Beastiary
17:43 Beastiary
72:26 Orc Burrow
73:48 Orc Burrow
» items
LawLibrary (
green | 34 APM | 3877 actions | 113:25)
6 Death Knight
3 Death Coil
2 Unholy Aura
1 Animate Dead
4 Lich
2 Frost Nova
2 Frost Armor
» actions
| Assign group hotkey | 16 | |
| Basic commands | 6 | |
| Build / train | 76 | |
| Enter build submenu | 17 | |
| Enter hero's abilities submenu | 10 | |
| Give item / drop item | 5 | |
| Right click | 2396 | |
| Select / deselect | 1154 | |
| Select group hotkey | 44 | |
| Use ability | 153 | |
3877 total
» units
| Acolyte | 6 | |
| Ghoul | 5 | |
| Crypt Fiend | 19 | |
| Razormane Medicine Man | 4 | |
| Frost Wyrm | 11 | |
45 total
» upgrades
| Creature Attack | 3 | |
| Web | 1 | |
| Freezing Breath | 1 | |
5 total
» buildings
| Crypt | 1 | |
| Graveyard | 1 | |
| Altar of Darkness | 1 | |
| Ziggurat | 9 | |
| Tomb of Relics | 1 | |
| Halls of the Dead | 4 | |
| Black Citadel | 1 | |
| Sacrificial Pit | 1 | |
| Boneyard | 2 | |
21 total
» build order
00:09 Crypt
00:11 Graveyard
00:20 Altar of Darkness
00:51 Ziggurat
01:08 Tomb of Relics
01:55 Ziggurat
03:29 Halls of the Dead
03:29 Halls of the Dead
03:30 Halls of the Dead
04:38 Ziggurat
05:35 Ziggurat
06:01 Ziggurat
07:04 Black Citadel
09:30 Sacrificial Pit
10:25 Boneyard
11:03 Boneyard
12:34 Ziggurat
12:39 Ziggurat
17:35 Ziggurat
17:37 Ziggurat
» items
| Rod of Necromancy | 2 | |
| Dust of Appearance | 1 | |
| Potion of Healing | 1 | |
| Potion of Mana | 1 | |
| Scroll of Town Portal | 3 | |
8 total
Neilyo[sk] (
red | 11 APM | 3213 actions | 287:09)
3 Keeper of the Grove
2 Entangling Roots
1 Thorns Aura
1 Pit Lord
1 Howl of Terror
» actions
| Assign group hotkey | 7 | |
| Basic commands | 51 | |
| Build / train | 92 | |
| Enter build submenu | 33 | |
| Enter hero's abilities submenu | 4 | |
| Remove unit from queue | 6 | |
| Right click | 1862 | |
| Select / deselect | 886 | |
| Select group hotkey | 69 | |
| Use ability | 202 | |
3213 total
» units
| Wisp | 32 | |
| Glaive Thrower | 9 | |
| Druid of the Talon | 13 | |
| Chimaera | 14 | |
68 total
» upgrades
| Druid of the Talon Training | 2 | |
| Strength of the Wild | 2 | |
| Ultravision | 1 | |
| Corrosive Breath | 1 | |
| Reinforced Hides | 1 | |
| Mark of the Talon | 1 | |
8 total
» buildings
| Altar of Elders | 1 | |
| Moon Well | 9 | |
| Hunter's Hall | 1 | |
| Ancient of War | 1 | |
| Tree of Ages | 1 | |
| Ancient Protector | 13 | |
| Tree of Eternity | 1 | |
| Ancient of Wind | 1 | |
| Tree of Life | 3 | |
| Chimaera Roost | 2 | |
| Ancient of Wonders | 1 | |
34 total
» build order
00:08 Altar of Elders
00:22 Moon Well
01:53 Hunter's Hall
01:58 Ancient of War
02:03 Moon Well
03:03 Moon Well
03:25 Tree of Ages
03:57 Ancient Protector
06:02 Tree of Eternity
07:07 Ancient of Wind
07:11 Moon Well
07:52 Tree of Eternity
08:04 Tree of Life
08:31 Moon Well
08:35 Moon Well
10:27 Chimaera Roost
10:30 Chimaera Roost
11:34 Tree of Life
13:33 Moon Well
14:12 Moon Well
14:52 Ancient Protector
20:21 Moon Well
21:43 Ancient of Wonders
27:24 Tree of Life
29:43 Ancient Protector
51:57 Ancient Protector
52:00 Ancient Protector
52:04 Ancient Protector
52:06 Ancient Protector
52:08 Ancient Protector
52:11 Ancient Protector
52:14 Ancient Protector
52:19 Ancient Protector
52:22 Ancient Protector
52:26 Ancient Protector
team 2 (winner)
agentcodybanks (
teal | 15 APM | 3234 actions | 220:41)
5 Blademaster
3 Wind Walk
2 Critical Strike
» actions
| Assign group hotkey | 346 | |
| Basic commands | 13 | |
| Build / train | 68 | |
| ESC pressed | 2 | |
| Enter build submenu | 58 | |
| Enter hero's abilities submenu | 5 | |
| Give item / drop item | 2 | |
| Remove unit from queue | 1 | |
| Right click | 1472 | |
| Select / deselect | 488 | |
| Select group hotkey | 612 | |
| Use ability | 167 | |
3234 total
» units
| Peon | 10 | |
| Troll Batrider | 18 | |
| Wind Rider | 7 | |
35 total
» upgrades
| Ranged Weapons | 2 | |
| Spiked Barricades | 2 | |
| Liquid Fire | 1 | |
| Reinforced Defenses | 1 | |
| Envenomed Spears | 1 | |
7 total
» buildings
| Altar of Storms | 1 | |
| Orc Burrow | 14 | |
| War Mill | 1 | |
| Watch Tower | 38 | |
| Voodoo Lounge | 2 | |
| Stronghold | 1 | |
| Great Hall | 1 | |
| Fortress | 2 | |
| Beastiary | 5 | |
65 total
» build order
00:04 Altar of Storms
00:06 Orc Burrow
00:14 War Mill
01:47 Watch Tower
01:59 Watch Tower
02:29 Watch Tower
02:36 Watch Tower
02:55 Watch Tower
03:25 Watch Tower
03:53 Voodoo Lounge
04:02 Watch Tower
04:04 Watch Tower
04:40 Watch Tower
05:04 Voodoo Lounge
05:08 Watch Tower
05:11 Watch Tower
05:53 Watch Tower
06:25 Watch Tower
06:30 Watch Tower
06:37 Watch Tower
06:50 Stronghold
06:58 Watch Tower
07:03 Watch Tower
07:41 Watch Tower
07:49 Orc Burrow
07:50 Orc Burrow
08:02 Watch Tower
08:07 Watch Tower
08:23 Watch Tower
08:43 Orc Burrow
08:51 Great Hall
09:19 Watch Tower
10:33 Fortress
10:37 Beastiary
10:40 Beastiary
10:50 Beastiary
13:53 Watch Tower
13:53 Watch Tower
15:50 Watch Tower
15:51 Watch Tower
17:16 Watch Tower
17:32 Watch Tower
18:17 Watch Tower
18:17 Watch Tower
19:27 Watch Tower
19:28 Watch Tower
21:51 Watch Tower
21:52 Watch Tower
21:54 Watch Tower
25:37 Beastiary
25:43 Beastiary
27:24 Orc Burrow
27:25 Orc Burrow
27:37 Watch Tower
27:38 Watch Tower
27:41 Watch Tower
28:01 Orc Burrow
28:04 Orc Burrow
28:09 Orc Burrow
28:49 Orc Burrow
28:52 Orc Burrow
29:26 Orc Burrow
30:08 Orc Burrow
30:09 Orc Burrow
» items
| Healing Salve | 1 | |
| Lesser Clarity Potion | 3 | |
| Potion of Mana | 5 | |
| Anti-magic Potion | 1 | |
| Staff of Teleportation | 1 | |
| Boots of Speed | 1 | |
| Orb of Lightning | 1 | |
| Potion of Healing | 2 | |
| Potion of Lesser Invulnerability | 1 | |
16 total
Dexanth (
yellow | 12 APM | 3567 actions | 287:10)
10 Warden
3 Shadow Strike
3 Blink
3 Fan of Knives
1 Spirit of Vengeance
1 Blademaster
1 Bladestorm
3 Archmage
2 Blizzard
1 Mass Teleport
2 Mountain King
1 Storm Bolt
1 Bash
» actions
| Assign group hotkey | 28 | |
| Basic commands | 38 | |
| Build / train | 90 | |
| Enter build submenu | 33 | |
| Enter hero's abilities submenu | 15 | |
| Give item / drop item | 6 | |
| Remove unit from queue | 3 | |
| Right click | 2164 | |
| Select / deselect | 478 | |
| Select group hotkey | 325 | |
| Use ability | 387 | |
3567 total
» units
| Wisp | 21 | |
| Druid of the Talon | 20 | |
41 total
» upgrades
| Ultravision | 1 | |
| Strength of the Wild | 3 | |
| Druid of the Talon Training | 2 | |
| Well Spring | 1 | |
| Reinforced Hides | 2 | |
| Mark of the Talon | 1 | |
| Nature's Blessing | 1 | |
11 total
» buildings
| Altar of Elders | 2 | |
| Moon Well | 15 | |
| Tree of Ages | 2 | |
| Hunter's Hall | 1 | |
| Tree of Life | 1 | |
| Tree of Eternity | 2 | |
| Ancient of Wind | 3 | |
| Ancient of Wonders | 2 | |
28 total
» build order
00:07 Altar of Elders
00:20 Moon Well
01:38 Moon Well
02:28 Moon Well
03:18 Tree of Ages
03:28 Moon Well
04:48 Hunter's Hall
05:04 Moon Well
05:24 Tree of Life
05:49 Moon Well
06:27 Tree of Eternity
06:38 Moon Well
07:25 Ancient of Wind
07:48 Ancient of Wonders
10:54 Ancient of Wind
25:30 Ancient of Wonders
25:35 Tree of Ages
28:03 Ancient of Wind
29:15 Moon Well
29:18 Moon Well
29:18 Moon Well
29:20 Moon Well
30:21 Moon Well
31:57 Moon Well
32:41 Moon Well
33:47 Moon Well
34:08 Altar of Elders
35:55 Tree of Eternity
» items
| Boots of Speed | 1 | |
| Orb of Venom | 1 | |
| Lesser Clarity Potion | 2 | |
| Healing Salve | 1 | |
| Scroll of Town Portal | 4 | |
| Staff of Teleportation | 1 | |
| Tiny Great Hall | 1 | |
| Periapt of Vitality | 2 | |
13 total
erz (
orange | 23 APM | 6113 actions | 265:51)
2 Archmage
1 Blizzard
1 Brilliance Aura
2 Mountain King
1 Storm Bolt
1 Bash
» actions
| Assign group hotkey | 2028 | |
| Basic commands | 105 | |
| Build / train | 127 | |
| ESC pressed | 8 | |
| Enter build submenu | 122 | |
| Enter hero's abilities submenu | 6 | |
| Give item / drop item | 9 | |
| Right click | 1299 | |
| Select / deselect | 663 | |
| Select group hotkey | 1424 | |
| Use ability | 322 | |
6113 total
» units
| Peasant | 15 | |
| Priest | 2 | |
| Sorceress | 2 | |
| Dragonhawk Rider | 8 | |
27 total
» upgrades
| Masonry | 3 | |
| Magic Sentry | 1 | |
| Sorceress Training | 2 | |
| Swords | 3 | |
| Armor | 3 | |
| Priest Training | 2 | |
| Animal War Training | 1 | |
| Cloud | 1 | |
16 total
» buildings
| Altar of Kings | 1 | |
| Lumber Mill | 2 | |
| Farm | 15 | |
| Scout Tower | 111 | |
| Guard Tower | 56 | |
| Keep | 1 | |
| Blacksmith | 1 | |
| Castle | 1 | |
| Arcane Sanctum | 1 | |
| Gryphon Aviary | 2 | |
| Barracks | 1 | |
| Arcane Vault | 2 | |
| Arcane Tower | 2 | |
196 total
» build order
00:09 Altar of Kings
00:20 Lumber Mill
00:34 Farm
00:47 Scout Tower
00:48 Scout Tower
01:18 Scout Tower
01:18 Scout Tower
01:30 Farm
01:55 Guard Tower
02:01 Scout Tower
02:11 Guard Tower
02:11 Guard Tower
02:11 Guard Tower
02:11 Guard Tower
02:20 Scout Tower
02:21 Scout Tower
02:35 Guard Tower
02:35 Guard Tower
02:35 Guard Tower
02:51 Scout Tower
02:58 Scout Tower
03:00 Scout Tower
03:11 Guard Tower
03:27 Guard Tower
03:27 Guard Tower
03:33 Guard Tower
03:46 Farm
03:54 Guard Tower
03:59 Scout Tower
04:00 Scout Tower
04:01 Guard Tower
04:16 Scout Tower
04:21 Scout Tower
04:21 Scout Tower
04:22 Scout Tower
04:23 Scout Tower
04:24 Scout Tower
04:29 Guard Tower
05:06 Guard Tower
05:33 Guard Tower
05:54 Guard Tower
05:58 Keep
06:25 Guard Tower
06:26 Scout Tower
06:28 Scout Tower
06:31 Scout Tower
06:32 Scout Tower
06:32 Scout Tower
06:33 Scout Tower
06:34 Scout Tower
06:34 Scout Tower
06:57 Guard Tower
06:59 Scout Tower
07:00 Scout Tower
07:09 Blacksmith
07:12 Farm
07:12 Farm
07:13 Farm
07:26 Guard Tower
07:46 Guard Tower
08:02 Guard Tower
08:39 Guard Tower
08:46 Castle
08:57 Guard Tower
09:12 Guard Tower
09:14 Arcane Sanctum
09:31 Scout Tower
09:32 Scout Tower
09:33 Scout Tower
09:34 Scout Tower
09:35 Scout Tower
09:36 Scout Tower
09:37 Scout Tower
09:37 Scout Tower
09:39 Scout Tower
09:39 Scout Tower
09:40 Scout Tower
12:06 Gryphon Aviary
12:07 Gryphon Aviary
12:32 Guard Tower
13:30 Scout Tower
15:02 Barracks
15:13 Arcane Vault
17:25 Farm
18:16 Farm
18:17 Farm
18:17 Farm
18:19 Farm
18:20 Farm
18:20 Farm
19:08 Farm
19:08 Farm
21:36 Scout Tower
21:39 Scout Tower
21:41 Scout Tower
21:43 Scout Tower
21:45 Scout Tower
22:09 Guard Tower
22:24 Guard Tower
24:48 Scout Tower
24:50 Scout Tower
24:52 Scout Tower
24:54 Scout Tower
24:56 Scout Tower
25:14 Scout Tower
25:23 Guard Tower
25:26 Scout Tower
25:27 Scout Tower
25:39 Guard Tower
25:46 Scout Tower
25:50 Scout Tower
25:51 Scout Tower
25:52 Scout Tower
25:59 Scout Tower
26:00 Scout Tower
26:01 Scout Tower
26:08 Scout Tower
26:11 Scout Tower
26:14 Scout Tower
26:16 Scout Tower
26:32 Guard Tower
29:52 Lumber Mill
29:54 Guard Tower
30:17 Scout Tower
30:20 Scout Tower
30:21 Scout Tower
30:24 Scout Tower
30:26 Scout Tower
30:27 Scout Tower
30:44 Scout Tower
30:45 Scout Tower
30:49 Scout Tower
30:50 Scout Tower
30:53 Scout Tower
30:55 Scout Tower
31:16 Guard Tower
31:18 Guard Tower
31:34 Scout Tower
31:36 Scout Tower
31:40 Scout Tower
31:48 Guard Tower
32:40 Guard Tower
33:32 Scout Tower
34:01 Guard Tower
34:03 Scout Tower
34:19 Scout Tower
34:20 Scout Tower
34:53 Guard Tower
34:55 Scout Tower
36:04 Scout Tower
36:06 Scout Tower
36:12 Guard Tower
36:39 Guard Tower
36:57 Scout Tower
36:58 Scout Tower
36:59 Scout Tower
37:07 Guard Tower
37:10 Scout Tower
37:38 Guard Tower
37:48 Scout Tower
37:56 Scout Tower
38:03 Guard Tower
38:26 Guard Tower
38:31 Scout Tower
38:34 Scout Tower
38:39 Scout Tower
38:51 Scout Tower
39:05 Guard Tower
39:10 Scout Tower
39:15 Scout Tower
39:17 Scout Tower
39:23 Guard Tower
39:25 Scout Tower
39:38 Guard Tower
39:49 Scout Tower
39:50 Scout Tower
40:04 Guard Tower
40:28 Scout Tower
40:30 Guard Tower
40:34 Guard Tower
40:50 Guard Tower
41:03 Scout Tower
41:06 Scout Tower
41:11 Guard Tower
41:26 Scout Tower
41:27 Scout Tower
42:07 Guard Tower
42:44 Guard Tower
52:29 Scout Tower
52:59 Arcane Tower
137:47 Scout Tower
137:49 Scout Tower
137:54 Scout Tower
138:23 Arcane Tower
212:06 Arcane Vault
» items
| Healing Salve | 1 | |
| Lesser Clarity Potion | 3 | |
| Scroll of Speed | 2 | |
| Boots of Speed | 1 | |
| Staff of Teleportation | 4 | |
| Staff of Preservation | 1 | |
| Orb of Lightning | 1 | |
| Mechanical Critter | 5 | |
18 total
Chat log
(00:08 / Allies) agentcodybanks: dex gimme 100
(00:08 / Allies) agentcodybanks: g
(00:14 / Allies) Dexanth: hallo to free win
(00:22 / Allies) agentcodybanks: ya!! unless thye do a fast rush:<
(00:36 / Allies) Dexanth: That wont matter
(00:39 / Allies) Dexanth: unless you decide to suck
(00:44 / Allies) agentcodybanks: im suckin dis game
(00:54 / Allies) Dexanth: here erz have some would i wont need it for a time
(01:02 / Allies) erz: thx u
(01:09 / Allies) agentcodybanks: shoulda gave me orc has wood problems more :<
(01:13 / Allies) erz: tower faster fin ex
(01:40 / Allies) agentcodybanks: u tower too far back
(01:40 / Allies) agentcodybanks: erz
(01:46 / Allies) erz: yes i am nub
(02:00 / Allies) agentcodybanks: thx u
(02:01 / Allies) Dexanth: The elf train of resources begins
(02:09 / Allies) agentcodybanks: elf
(02:10 / Allies) agentcodybanks: more like
(02:11 / Allies) agentcodybanks: nerd
(02:18 / Allies) agentcodybanks: nerdy faggot
(02:43 / Allies) agentcodybanks: it begins
(02:46 / Allies) agentcodybanks: fs grunt rush
(03:15 / Allies) Dexanth: It ends
(03:18 / Allies) agentcodybanks: dota player
(03:20 / Allies) Dexanth: with deth of FS
(03:21 / Allies) erz: plz make orc shop
(03:23 / Allies) erz: near my towers
(03:32 / Allies) agentcodybanks: k
(03:49 / Allies) Dexanth: bootiful
(03:59 / Allies) agentcodybanks: 370 gold down
(04:12 / Allies) agentcodybanks: dex share
(04:15 / Allies) Dexanth: why
(04:18 / Allies) Dexanth: you dont need anything i own
(04:19 / Allies) agentcodybanks: so i can use well
(04:25 / Allies) Dexanth: you dumbass you can use it anyway
(04:31 / Allies) erz: creep thix
(04:56 / Allies) Dexanth: also wells arent for youuu
(05:06 / Allies) Dexanth: they are for my slut
(05:14 / Allies) agentcodybanks: dex ur a big jew
(05:14 / Allies) agentcodybanks: ok
(05:15 / Allies) erz: who want expo!!!
(05:16 / Allies) erz: dex?
(05:27 / Allies) Dexanth: sure da alfs will take it
(05:32 / Allies) agentcodybanks: ajhahahahaha
(05:34 / Allies) Dexanth: yes i see
(05:39 / Allies) Dexanth: i am in training i expect you to handle it
(06:47 / Allies) Dexanth: hey tech
(06:48 / Allies) Dexanth: you scrub
(06:49 / All) LawLibrary: Raped
(06:52 / Allies) agentcodybanks: woops
(06:53 / Allies) agentcodybanks: 4got
(06:54 / All) erz: WOW MANNER
(06:56 / Allies) Dexanth: wow backstab
(07:00 / All) LawLibrary: wow towers
(07:07 / All) agentcodybanks: manners, plz!
(07:23 / All) agentcodybanks: RAPED
(07:33 / All) LawLibrary: RAPED
(07:37 / Allies) Dexanth: come creep dis erz
(08:00 / Allies) Dexanth: ok blizz them
(10:23 / Allies) agentcodybanks: wood
(10:36 / Allies) erz: they prob have expos to harass
(11:24 / Allies) agentcodybanks: hahaha
(11:54 / Allies) erz: gold plz
(12:23 / Allies) agentcodybanks: damn erz
(12:27 / Allies) erz: what
(12:27 / Allies) agentcodybanks: thats a lot of towerrs
(13:04 / Allies) Dexanth: get some truesight up in dis
(13:47 / Allies) agentcodybanks: dex is a lone jew ranger
(14:17 / Allies) agentcodybanks: and erz likes militia creeping too much
(14:18 / Allies) Dexanth: take that
(14:52 / Allies) agentcodybanks: wells me plz
(14:58 / Allies) erz: priest sorc
(15:13 / Allies) agentcodybanks: lum
(15:31 / Allies) agentcodybanks: +wells maybe
(15:47 / Allies) Dexanth: wells
(15:48 / Allies) Dexanth: are not
(15:49 / Allies) Dexanth: for you
(15:55 / Allies) agentcodybanks: why god
(15:55 / Allies) agentcodybanks: why
(16:07 / Allies) Dexanth: why
(16:10 / Allies) Dexanth: did you tech to armored
(16:17 / Allies) agentcodybanks: wyrms
(16:22 / Allies) agentcodybanks: !!!
(18:08 / Allies) Dexanth: perch tp up in a moment
(18:47 / Allies) Dexanth: ready whenever
(18:53 / Allies) agentcodybanks: start it
(19:06 / Allies) Dexanth: sira isnt in position to start it
(19:16 / All) LawLibrary: lmao
(19:22 / Allies) agentcodybanks: sira should get off her ass
(19:24 / Allies) Dexanth: but she will be in a moment i guess
(19:42 / All) agentcodybanks: we just want to live in peace
(19:47 / Allies) Dexanth: thats a lie
(19:51 / Allies) Dexanth: I want to live in war
(19:53 / Allies) agentcodybanks: no
(20:05 / Allies) agentcodybanks: dex ur jewish shut up
(20:18 / Allies) agentcodybanks: wood
(20:29 / All) agentcodybanks: ok faggots
(20:29 / Allies) Dexanth: the perch is up
(21:03 / Allies) Dexanth: teleport up at your leisure
(21:10 / Allies) agentcodybanks: wood
(21:19 / Allies) erz: some gold
(21:33 / Allies) Dexanth: all your army is dead
(21:33 / All) LawLibrary: HAHA
(21:34 / Allies) Dexanth: good job
(21:37 / All) LawLibrary: lmao
(21:41 / Allies) agentcodybanks: wooooooops
(21:41 / All) Ileaveonfb: damn
(21:46 / All) Ileaveonfb: that was fucking ownage
(22:28 / Allies) erz: more gold
(22:46 / Allies) Dexanth: ugh
(22:49 / Allies) Dexanth: why are you in upkeep
(22:55 / Allies) erz: no mines
(22:55 / Allies) Dexanth: kill your peasants on the ground and I will
(23:00 / Allies) Dexanth: you get taxed if I send you cash
(23:23 / Allies) Dexanth: dont suicide
(23:56 / Allies) erz: do you really get taxed for sending cash..
(24:00 / Allies) Dexanth: yes
(24:01 / Allies) agentcodybanks: recieving
(24:07 / Allies) agentcodybanks: person gets less
(24:19 / Allies) agentcodybanks: 5840 left in my mine
(24:33 / Allies) erz: ok cash fast
(24:48 / Allies) Dexanth: thats half my reserve
(24:49 / Allies) Dexanth: use it well
(25:02 / Allies) agentcodybanks: wood
(25:04 / Allies) Dexanth: exodus of the wisps
(25:12 / Allies) Dexanth: what do you need wood for
(25:16 / Allies) agentcodybanks: bats
(25:17 / Allies) Dexanth: stop building anything that isnt a wyvern
(26:17 / All) LawLibrary: Gg
(26:25 / All) Dexanth: Fuck
(26:27 / All) agentcodybanks: fuck
(26:29 / All) Dexanth: we're so screwed sigh
(26:35 / All) agentcodybanks: well, gg guys
(26:38 / All) agentcodybanks: we got outplayed
(26:38 / All) LawLibrary: u2
(26:46 / All) Ileaveonfb: was fun
(26:54 / Allies) erz: lum
(27:05 / Allies) erz: plzzzz
(27:20 / Allies) erz: hello
(27:22 / Allies) erz: lum please
(27:37 / Allies) erz: hellllllooo
(28:08 / All) LawLibrary: quiot pls
(28:13 / Allies) erz: i need lum.... .
(29:27 / Allies) Dexanth: towers
(29:30 / Allies) erz: lum
(29:38 / Allies) agentcodybanks: need mmill
(29:46 / Allies) Dexanth: you dont get shit
(30:21 / Allies) agentcodybanks: we got any critters
(30:24 / All) LawLibrary: GG
(30:28 / All) agentcodybanks: GG
(30:29 / Allies) erz: no
(30:32 / Allies) erz: sorry
(30:34 / Allies) Dexanth: who cares
(30:36 / Allies) Dexanth: we have sira
(30:54 / Allies) agentcodybanks: spent all gold on wyvs
(32:14 / Allies) Dexanth: let AoW through
(32:26 / Allies) agentcodybanks: hes too fat
(32:39 / Allies) agentcodybanks: who used my wyvs
(32:41 / Allies) agentcodybanks: ?????
(32:45 / Allies) Dexanth: they were getting batted
(32:47 / Allies) agentcodybanks: and why did you lose 3
(32:49 / Allies) agentcodybanks: o
(32:52 / Allies) agentcodybanks: so they found us?
(32:53 / Allies) Dexanth: ugh
(32:54 / Allies) Dexanth: thanks
(32:57 / Allies) Dexanth: whoever uprooted my tree
(33:00 / Allies) Dexanth: and cancelled tech
(33:06 / Allies) agentcodybanks: uh
(33:08 / Allies) agentcodybanks: we dont have control
(33:09 / Allies) agentcodybanks: faggot
(33:24 / Allies) erz: anyone want pendant
(33:32 / Allies) Dexanth: oh wait
(33:34 / Allies) Dexanth: this might work
(33:36 / Allies) Dexanth: laffin if so
(33:48 / Allies) agentcodybanks: what might work
(34:13 / Allies) Dexanth: joyousness
(34:17 / Allies) Dexanth: dont kill our stuff
(34:21 / Allies) Dexanth: i need to get an altar up for T3
(34:41 / Allies) Dexanth: I froget what I want T3 for but oh well
(34:48 / Allies) Dexanth: tower in this last spot
(34:57 / All) agentcodybanks: GG guys, no re
(34:57 / Allies) Dexanth: more here
(35:01 / All) LawLibrary: yea gg
(35:04 / Allies) Dexanth: oh
(35:05 / Allies) Dexanth: no money
(35:09 / All) agentcodybanks: can u gimme some tip
(35:09 / Allies) erz: more where
(35:18 / All) agentcodybanks: im kind of noob
(35:22 / Allies) Dexanth: takin you out of upkeep one second
(35:26 / Allies) erz: ill kill a bird
(35:31 / Allies) erz: not that many peasants
(35:38 / Allies) Dexanth: got one down
(35:42 / Allies) erz: k
(35:48 / Allies) Dexanth: ok
(35:51 / Allies) Dexanth: keepin rest of my gold
(35:52 / Allies) erz: more where
(35:53 / Allies) erz: tho
(35:59 / Allies) Dexanth: in that slot
(36:04 / Allies) agentcodybanks: yo im gonna go eat some ravioli be back in like.. 15
(36:19 / Allies) agentcodybanks: dont get mah shit killed
(37:58 / Allies) Dexanth: ok 24 dotts up
(38:18 / All) Dexanth: Fuck last tree
(42:01 / Allies) erz: take mana pendant if u want
(42:04 / Allies) Dexanth: no
(42:07 / Allies) Dexanth: hp more important
(42:20 / Allies) Dexanth: in fact sellin dis RoR for another periapt
(42:37 / Allies) erz: some lum plz
(42:49 / Allies) Dexanth: save the rest of your gold now
(42:52 / Allies) Dexanth: just in case we need it
(42:53 / Allies) erz: ya
(45:05 / All) Dexanth: Ok this is boring my last building is in far southeast corner
(45:17 / All) Ileaveonfb: stfu already
(45:26 / All) Ileaveonfb: your in mid east zone
(45:26 / All) Neilyo[sk]: we know its not the last building
(45:36 / All) Dexanth: Oh you saw Owlroost
(45:39 / All) Dexanth: It is our village
(45:46 / All) Dexanth: We wish to live in peace and sanctuary
(45:57 / All) Dexanth: Under our vigilant towers
(46:30 / Allies) Dexanth: let that rabbit live
(46:34 / Allies) Dexanth: I am naming her Jenny
(46:35 / Allies) Dexanth: she is my pet
(46:36 / All) Ileaveonfb: i just wana now how the hell you got up there lulz
(46:42 / All) Dexanth: I would have told you but
(46:47 / All) Dexanth: You used a word
(46:54 / All) Dexanth: Which is an unforgiveable insult to my sensibilities
(46:54 / All) Ileaveonfb: 4
(47:02 / All) Dexanth: So stupid I cannot repeat it for fear of my brain melting
(47:33 / All) LawLibrary: lol
(47:51 / All) Dexanth: Sira is immune to the sass of the undead
(47:59 / All) Dexanth: She fears but two things
(48:34 / All) Dexanth: Oh you silly
(48:43 / All) Dexanth: Fighting her is futile
(48:56 / All) Dexanth: I tried to reason with her but
(49:01 / All) Dexanth: She thinks you will attack Owlroost
(49:08 / All) Dexanth: If you pledge eternal peace she will return home
(49:16 / All) Ileaveonfb: you realize that you make the gayest names ever
(49:18 / All) Neilyo[sk]: Peace and love!
(49:18 / All) Ileaveonfb: right
(49:28 / All) Dexanth: Hmm you are right, Owlroost has no owls
(49:32 / All) Neilyo[sk]: we wish eternal peace upon Owlroost
(49:43 / All) Dexanth: It's not Owlroost anymore i am thinking of a new name
(50:02 / All) Dexanth: I want to name it AgentCodyBanksSucksTown but
(50:06 / All) Dexanth: That just sounds lame
(50:09 / All) Dexanth: Even though it's true
(50:31 / Allies) agentcodybanks: hey
(50:34 / All) Dexanth: Aha
(50:39 / All) Dexanth: It is now the village of Sanctuary
(50:48 / All) LawLibrary: we have our sanctuary as well
(51:01 / All) Dexanth: No place is safe from Sira
(51:12 / All) agentcodybanks: suck a cock dex
(51:22 / All) Neilyo[sk]: o.O
(51:24 / All) agentcodybanks: you're a mean horrible jew
(51:26 / All) Dexanth: See what I mean? He is so bad manner
(51:37 / All) agentcodybanks: you said i suck first
(51:47 / All) agentcodybanks: btw, pit lord on the crater north of tavern
(51:49 / All) agentcodybanks: use rain of fire
(51:53 / All) agentcodybanks: thats what u get dex
(51:56 / All) agentcodybanks: for sayin i suck
(52:07 / All) agentcodybanks: faggot
(52:14 / Allies) agentcodybanks: I DONT MEAN ANY OF THAT DEX I LOVE YOU
(52:20 / All) Dexanth: See how bad manner?
(52:22 / All) Dexanth: It makes me cry
(52:27 / All) agentcodybanks: fuck you
(52:41 / Allies) agentcodybanks: anyway back to eatin times
(53:08 / All) Dexanth: Sira's sorry but you need to agree to leave Sanctuary alone now, it is Owlroost no longer so that pledge doesnt hold in her eye
(53:21 / All) Neilyo[sk]: We pledge it
(53:46 / All) Dexanth: She believes you since the undead base no longer exists and undead are vile abominations in her eyes so now that they cannot
(53:50 / All) Dexanth: Come back, this is a good thing
(53:59 / All) LawLibrary: hahah
(54:03 / All) LawLibrary: OUR SANCTURY
(54:05 / All) LawLibrary: COME TEST IT
(54:06 / All) Dexanth: That is a fun home you possess
(54:07 / All) LawLibrary: BEST
(54:14 / All) LawLibrary: yes sir
(54:15 / All) LawLibrary: We win
(54:17 / All) Dexanth: Oh silly we could crack it in seconds
(54:17 / All) Ileaveonfb: ok
(54:19 / All) Ileaveonfb: ima go afk
(54:21 / All) Ileaveonfb: later
(54:21 / All) LawLibrary: same
(54:24 / All) LawLibrary: madden
(54:52 / Allies) Dexanth: damnit erz i thought that was them
(54:56 / Allies) Dexanth: then i realized they have no hu
(54:57 / Allies) erz: haha
(57:36 / Allies) agentcodybanks: their senctuary is gay
(57:40 / Allies) agentcodybanks: lets kill it
(58:00 / All) agentcodybanks: i dont like your sanctruaary, it is a mockery of ours
(58:10 / All) agentcodybanks: a feeble mockery
(58:26 / Allies) agentcodybanks: can we go kill it
(58:35 / All) Neilyo[sk]: My flight to Toronto leaves in an hour, afk for a week Cya guys then!
(58:42 / All) agentcodybanks: ok
(58:46 / All) erz: cya bro
(58:53 / All) agentcodybanks: ill be enjoying your mother while you're gone :>
(58:55 / All) Neilyo[sk]: MY WISP
(58:58 / All) Neilyo[sk]: TRUCE IS OFF
(58:59 / All) Neilyo[sk]: !
(59:12 / All) agentcodybanks: sorry dawg
(59:22 / All) agentcodybanks: agent cody banks doesnt hold no truces
(59:49 / Allies) agentcodybanks: why dont u guys tower it
(59:59 / Allies) erz: tower what
(61:09 / Allies) erz: we can prob kill them whenever
(61:59 / Allies) erz: well,,, their units arent that bad
(63:35 / Allies) Dexanth: eh
(63:43 / Allies) Dexanth: If I wanted
(63:49 / Allies) Dexanth: I could eventually solo everything with warden
(64:15 / All) Ileaveonfb: so
(64:18 / All) Dexanth: So
(64:20 / All) Ileaveonfb: how long has the game bin
(64:22 / All) Ileaveonfb: just wondering
(64:24 / All) Ileaveonfb: lol
(64:27 / All) Dexanth: I dunno maybe an hour
(64:38 / All) Ileaveonfb: is thatreally how you get up there
(64:44 / All) Dexanth: The pit lord -> Zeppelin?
(64:47 / All) Ileaveonfb: pitlord and fire on the crater
(64:53 / All) Dexanth: Yes, it's an exploit
(65:05 / All) Dexanth: But blizz doesnt know about it so
(65:08 / All) Dexanth: We havent been caught
(65:13 / All) Neilyo[sk]: where's your pit lord?
(65:14 / All) Ileaveonfb: blizz made it
(65:18 / All) Dexanth: We killed him
(65:20 / All) Ileaveonfb: there's a well
(65:34 / All) Dexanth: It's a hidden map thing left in there by
(65:38 / All) Dexanth: Guy who made highperch
(66:02 / All) Dexanth: He's the uncle of a friend of mine so he told my friend who told us
(66:06 / All) Dexanth: B/c Blizz was firing him
(66:12 / All) Dexanth: So he got mad and put in all these secret hacks
(67:58 / Allies) agentcodybanks: ahahaha
(68:06 / All) Neilyo[sk]: Can you be a dear and let us have this one win? You guys did well :D maybe we can play with each other later in the future
(68:12 / All) agentcodybanks: no
(68:18 / All) Neilyo[sk]: :(
(68:24 / All) agentcodybanks: we dont want to play with no manner barbarians
(68:43 / All) Ileaveonfb: no manner barbarians . . .
(68:53 / All) Neilyo[sk]: Oh, but the undead are gone! The no manner barbaric tribe has been exterminated
(68:54 / All) agentcodybanks: yes, barbarians that have no manner
(69:06 / All) Ileaveonfb: you stated it incorrectly
(69:07 / All) Ileaveonfb: yi
(69:08 / All) Ileaveonfb: fyi
(69:11 / All) agentcodybanks: the slutty red nelfs have no manner either
(69:16 / All) agentcodybanks: mannerless barbarians, then, faggot
(69:22 / All) Neilyo[sk]: The orc is committing suicide so.... That leaves the mannerful Night Elves
(69:29 / All) Neilyo[sk]: :D
(69:35 / All) agentcodybanks: the top left nelf tribe is full of sluts and whores.
(69:44 / All) Neilyo[sk]: :')
(69:48 / All) Neilyo[sk]: :'( *
(70:10 / Allies) agentcodybanks: we could cloud, bat and wyv
(70:15 / Allies) agentcodybanks: build some towers a bit out of sight
(70:46 / Allies) agentcodybanks: hes still making
(72:58 / Allies) agentcodybanks: how come sometimes whne i order an attack on a building one bat stays behind
(73:27 / All) LawLibrary: YHAHAHA
(73:28 / Allies) agentcodybanks: ahahaa
(73:28 / All) LawLibrary: HAHAHAHA
(74:01 / All) agentcodybanks: you said th eundead were gone
(74:46 / Allies) agentcodybanks: so are we gonan just wait them out
(74:48 / Allies) Dexanth: did you get stuff killed
(74:52 / Allies) agentcodybanks: yes
(74:55 / Allies) Dexanth: For now yes thats kind of the point of highperch
(75:02 / Allies) Dexanth: your bm died didnt he
(75:20 / Allies) Dexanth: Man sira owns him so hardcore
(75:30 / Allies) agentcodybanks: sira is a dominatrix freak
(75:39 / Allies) agentcodybanks: they bve gathering
(75:51 / All) Dexanth: Your orcs are allied with undead
(75:55 / All) Dexanth: Sira finds this distressing
(76:01 / Allies) agentcodybanks: man fiends need to not be able to web shit
(76:13 / Allies) erz: hahahaha
(76:15 / Allies) erz: they got a pitlord
(76:26 / Allies) agentcodybanks: ahahahaa
(76:32 / All) Dexanth: Oh fyi
(76:37 / All) Dexanth: The RoF trick only works once per game
(76:38 / Allies) agentcodybanks: the only thing that can make htis more perfect is if before
(76:47 / Allies) agentcodybanks: they leave htey say
(76:49 / All) Dexanth: If you need to do it again you need a TC
(76:50 / Allies) agentcodybanks: "true noobs."
(76:57 / All) agentcodybanks: you need to stomp
(77:00 / All) agentcodybanks: before the rain of fire
(77:14 / All) agentcodybanks: if you try to do it three times you need to have an archmage too
(77:34 / All) agentcodybanks: the archmage one is buggy sometimes tohugh
(77:39 / All) agentcodybanks: sometimes it doesnt work
(77:55 / Allies) agentcodybanks: wut
(77:57 / Allies) erz: they're moving prots
(78:01 / Allies) agentcodybanks: wer all da prots g
(78:05 / Allies) Dexanth: they are goin there
(78:10 / Allies) Dexanth: silly nubs gonnna try to siege
(78:39 / All) Ileaveonfb: thats a wierd bug
(78:45 / All) Ileaveonfb: i kinda wana report it
(78:46 / All) Dexanth: Its not a bug
(78:51 / All) Dexanth: its there on purpose
(79:09 / All) Ileaveonfb: i know but its queer on how not everyone knows it
(79:13 / All) Ileaveonfb: nd its imbalanced
(80:08 / All) agentcodybanks: dont report it
(80:10 / All) agentcodybanks: pls
(80:13 / All) Ileaveonfb: umm
(80:15 / All) Ileaveonfb: no i am
(80:17 / All) Ileaveonfb: for sue
(80:18 / All) agentcodybanks: dont
(80:18 / All) Ileaveonfb: sure
(80:19 / All) agentcodybanks: pl;s
(80:21 / All) agentcodybanks: DONT
(80:21 / All) Ileaveonfb: its gay
(80:26 / All) agentcodybanks: ull gte baned too
(80:28 / All) agentcodybanks: cuz u tried to do it
(80:29 / All) agentcodybanks: so dont
(80:32 / All) Ileaveonfb: i dont give a shit
(80:37 / All) Ileaveonfb: cd is is 15 bucks
(80:38 / Allies) agentcodybanks: ahahahaha
(80:43 / All) Ileaveonfb: i make money
(80:43 / All) agentcodybanks: pls dont!!
(80:48 / All) agentcodybanks: i just got this game for chrismtas!!!
(80:56 / All) Ileaveonfb: ummm
(80:59 / All) Ileaveonfb: let me think
(81:02 / All) Ileaveonfb: no
(81:07 / All) agentcodybanks: my mom will get mad
(81:09 / All) agentcodybanks: if i get banned
(81:16 / All) Dexanth: His mom is a big wc3 fan
(81:31 / All) Ileaveonfb: idc
(81:35 / All) agentcodybanks: yeah, i play AT with her sometimes
(81:42 / All) Ileaveonfb: her
(81:47 / All) Ileaveonfb: your mm
(81:48 / All) agentcodybanks: shell have to buy me a new cd tho!!
(81:48 / All) Ileaveonfb: Mom
(81:51 / All) agentcodybanks: ya
(81:52 / All) Ileaveonfb: you at with your mom
(81:52 / Allies) Dexanth: if we really wanted to win all we'd need to do is send in all air at once and slay the frosties
(81:56 / All) Ileaveonfb: -.-
(82:06 / Allies) agentcodybanks: tabbin
(82:11 / Allies) Dexanth: back to chem
(82:12 / All) Ileaveonfb: i really dc
(82:17 / All) Ileaveonfb: because we would have won this game
(82:27 / All) Ileaveonfb: but because of that
(82:35 / All) Ileaveonfb: we cant kill you
(82:39 / All) Ileaveonfb: you have well on your side
(82:41 / All) Ileaveonfb: and towers
(83:02 / All) erz: who cares about winning
(83:07 / All) erz: isnt the point of this game to make cool bases
(83:13 / All) Dexanth: I just like Sanctuary
(83:18 / All) Dexanth: It's fun relaxing up here
(83:31 / All) Dexanth: Sira is the only girl though and that peon is looking at her funny
(83:49 / All) Dexanth: She showed him whats up though he wont be lewd again
(84:07 / All) Ileaveonfb: /gasp
(87:47 / All) agentcodybanks: samuro is sad
(87:52 / All) agentcodybanks: sira was the man last night
(92:37 / All) Ileaveonfb: we should have a hero duel
(92:39 / All) Ileaveonfb: 1v1
(94:13 / All) erz: ok have your heroes fight and we'll battle the champion
(100:15 / All) LawLibrary: u guys lose
(100:20 / All) LawLibrary: im on phone w/ bnet keke
(100:25 / All) LawLibrary: they discomm
(100:28 / All) LawLibrary: n give win haha
(100:34 / Allies) agentcodybanks: ahahahhaa
(100:36 / Allies) agentcodybanks: ahahahaha
(100:36 / All) LawLibrary: gg
(101:21 / Allies) agentcodybanks: the orcs despise the vile mountain king
(102:33 / All) erz: whats battle.net's phonenumber
(103:58 / All) LawLibrary: can we pls
(104:05 / All) LawLibrary: just leave
(104:18 / All) agentcodybanks: how come im not disc yet
(104:20 / All) agentcodybanks: ?
(104:25 / All) LawLibrary: idk
(104:30 / All) agentcodybanks: i think you lied
(104:33 / All) erz: i had my lawyers call blizzard
(104:46 / All) erz: and threaten them with an unlawful disconnect violation
(104:47 / All) LawLibrary: HAHAH
(104:48 / All) LawLibrary: lmao
(104:56 / All) LawLibrary: whos your lawyer?
(105:08 / All) agentcodybanks: ken chiang
(105:14 / All) LawLibrary: hes chinese?
(105:19 / All) erz: racist?
(105:19 / All) agentcodybanks: no
(105:23 / All) LawLibrary: where u boys from
(105:24 / All) agentcodybanks: hes malaysian
(105:29 / All) agentcodybanks: south korea
(105:30 / All) LawLibrary: watch football"
(105:34 / All) LawLibrary: wow
(105:40 / All) LawLibrary: no usaers?
(105:43 / Allies) erz: im north korea
(105:46 / All) erz: im north korea
(105:55 / All) erz: usa is devil
(106:07 / All) agentcodybanks: i heard in usa, you guys have no toilets..
(106:11 / All) agentcodybanks: you poop in your socks
(106:18 / All) LawLibrary: i dont live in usa'
(106:23 / All) erz: usa land of pig dogs
(106:23 / All) agentcodybanks: canada
(106:25 / All) LawLibrary: i live in des de rioj'
(106:32 / All) LawLibrary: franc'es
(106:36 / All) LawLibrary: esk
(106:44 / All) LawLibrary: por so u nae verb i
(106:46 / All) agentcodybanks: des de rioj is not proper rench
(106:52 / All) agentcodybanks: french
(106:59 / All) agentcodybanks: por so u nae verb i makes no sense
(107:08 / All) LawLibrary: ki yes it doles
(107:22 / All) LawLibrary: i speak 7 langauges
(107:27 / All) agentcodybanks: por, "is"
(107:40 / Allies) agentcodybanks: nae is not a word
(107:41 / All) LawLibrary: en esponla
(107:53 / All) LawLibrary: u guys have girls in south korea?
(107:56 / All) agentcodybanks: yes
(108:01 / All) LawLibrary: sexy ones rite?
(108:04 / All) agentcodybanks: i heard usa has only fat girls
(108:08 / All) LawLibrary: me to
(108:13 / All) agentcodybanks: i heard you're fat
(108:15 / All) agentcodybanks: erz told me
(108:20 / All) LawLibrary: to you have girls
(108:24 / All) LawLibrary: in south korea
(108:26 / All) agentcodybanks: yes
(108:29 / All) LawLibrary: sexy ass koreans?
(108:32 / All) agentcodybanks: yes
(108:39 / All) LawLibrary: stick my cock up in there
(108:42 / All) agentcodybanks: too bad they do not want to fuck your sweaty nerd ass
(108:45 / All) erz: wow manner please
(108:46 / All) LawLibrary: nice warm wet pussy
(108:51 / All) LawLibrary: yummy
(108:52 / Allies) agentcodybanks: what poor manner!
(108:57 / All) LawLibrary: i want one to lick my asshole
(109:03 / All) LawLibrary: while the other sucks my cock
(109:03 / All) agentcodybanks: i tihnk you're gay
(109:12 / All) LawLibrary: i think i should rape u
(109:20 / All) LawLibrary: n plung ur butthole
(109:20 / All) agentcodybanks: im a girl btw...
(109:27 / All) LawLibrary: REALLY?1
(109:30 / All) LawLibrary: REALLY
(109:31 / All) LawLibrary: !?!?!
(109:34 / All) LawLibrary: are u sexyy
(109:34 / All) agentcodybanks: um.. yes
(109:36 / All) LawLibrary: korean?
(109:50 / All) agentcodybanks: yes
(110:08 / All) LawLibrary: will u let me fuck
(110:11 / All) LawLibrary: ur pussy
(110:18 / All) LawLibrary: with my rod?
(110:23 / All) agentcodybanks: if you give me 1000 gold on mal'ganis WoW server so i can get epic mount
(110:25 / All) LawLibrary: n nut in ur asshole
(110:35 / All) LawLibrary: will u get on ur knees
(110:38 / All) LawLibrary: n suck me off
(110:44 / All) agentcodybanks: 1000 gold for epic mount first
(110:47 / All) LawLibrary: till my warm nut pours down ur face
(110:58 / All) LawLibrary: then u can swallow it
(111:04 / All) LawLibrary: n we can fuck all day
(111:22 / All) LawLibrary: can we pls fuck
(111:52 / All) LawLibrary: teal
(111:54 / All) LawLibrary: sexy mama
(112:11 / All) LawLibrary: just playing around guys
(112:18 / All) LawLibrary: but can you please leave
(112:29 / All) LawLibrary: i will
(112:33 / All) LawLibrary: if one of u
(112:41 / All) LawLibrary: if i leave will one of u leave?
(113:13 / All) agentcodybanks: yes
(113:17 / All) agentcodybanks: i'll leave
(113:18 / All) LawLibrary: promise?
(113:23 / All) agentcodybanks: yes
(113:29 / Allies) agentcodybanks: oh shi-
(113:36 / All) agentcodybanks: I WAS JUST KIDDING LAWLIBRARY
(113:39 / All) agentcodybanks: WHY DID YOU DO IT
(116:55 / Allies) agentcodybanks: my keyboard is quite dirty
(117:17 / Allies) agentcodybanks: hey guess hwat
(117:22 / All) erz: too bad you nubs werent paying attention
(117:30 / All) erz: we've relocated our base to the other fountain
(117:41 / All) agentcodybanks: why tell them
(117:42 / All) agentcodybanks: idiopt
(118:00 / All) erz: oops
(118:42 / Allies) erz: they are prob afk
(119:35 / Allies) erz: u there
(121:42 / Allies) agentcodybanks: i anm
(121:43 / Allies) agentcodybanks: dex isnt
(121:49 / Allies) agentcodybanks: im tabin in every couple minutes
(121:51 / Allies) erz: u can slay some wyrms
(121:52 / Allies) erz: if
(121:54 / Allies) erz: they are afk
(121:58 / Allies) erz: and they havent moved back
(122:00 / Allies) agentcodybanks: i doubt it
(122:06 / Allies) agentcodybanks: theyd prob kill or units
(122:07 / Allies) erz: HMM
(122:12 / Allies) erz: i mean with blade
(122:17 / Allies) agentcodybanks: they got shade
(122:25 / Allies) erz: yes but if they are afk
(122:50 / Allies) erz: dont go in
(123:04 / Allies) erz: haha
(123:16 / Allies) erz: danggg
(123:18 / Allies) agentcodybanks: i dont think itll work
(123:39 / Allies) agentcodybanks: we need everything
(123:41 / Allies) agentcodybanks: if were gonna tackk
(123:44 / Allies) erz: yeas
(123:45 / Allies) agentcodybanks: including dexs dotta
(123:47 / Allies) agentcodybanks: dotts
(123:55 / Allies) agentcodybanks: im gonna go jack off
(124:31 / Allies) agentcodybanks: by this i mean using solo blademaster with batriders and winning (i've lost to this and won with this, its very stupid)
(125:14 / Allies) erz: they arent afk
(125:15 / Allies) agentcodybanks: hes not afk
(125:16 / Allies) erz: hahaha
(125:24 / All) agentcodybanks: why dont u guys talk to us
(125:28 / All) agentcodybanks: talking is good
(125:38 / All) agentcodybanks: we know yuou're not afk
(127:03 / All) Ileaveonfb: fuck this ima go do somthing
(128:20 / Allies) erz: so we are left with the guy that went on vacation or something
(131:30 / Allies) agentcodybanks: lyin
(131:31 / Allies) agentcodybanks: lyin
(131:33 / Allies) agentcodybanks: he is
(131:34 / Allies) agentcodybanks: lyin
(131:42 / Allies) agentcodybanks: who leaves their computer on for one weak
(131:43 / Allies) agentcodybanks: week
(131:50 / Allies) erz: a nub
(131:51 / Allies) agentcodybanks: 1) overheatin 2) power bills
(133:31 / Allies) agentcodybanks: blablabllalblablbalablablablablalbabl
(136:02 / Allies) agentcodybanks: erz is it ok if i leave u
(136:05 / Allies) agentcodybanks: and go play some games
(136:12 / Allies) agentcodybanks: leave u all alone w dex
(136:18 / Allies) erz: i will probably disc eventually
(136:25 / Allies) agentcodybanks: wutaboot dex!!!!!1
(136:40 / Allies) erz: id feel better if we killed their units
(136:55 / Allies) agentcodybanks: all i got is some wyv
(137:04 / Allies) erz: can you try to lure a wyrm without dying
(137:08 / Allies) agentcodybanks: no
(137:10 / Allies) erz: MAYBE theyre afk
(137:10 / Allies) agentcodybanks: theyre here
(137:17 / Allies) erz: dude hes on vacation..
(137:21 / Allies) agentcodybanks: he lied
(137:23 / Allies) agentcodybanks: obviously
(137:30 / Allies) agentcodybanks: y not make some more arcane towas
(137:40 / Allies) erz: saving gold for a rainy day
(137:43 / Allies) erz: but ill make a couple
(139:39 / Allies) agentcodybanks: tAabing again
(169:19 / Allies) erz: hahaha wowwww
(169:30 / Allies) erz: that niga isnt afk at all
(178:49 / Allies) erz: hello
(178:56 / Allies) agentcodybanks: ur nigger
(179:08 / Allies) erz: i went to look at them with my arch mage
(179:10 / Allies) erz: and he tried to kill me
(179:12 / Allies) agentcodybanks: im gonna take out that fkin shade
(179:17 / Allies) erz: haha
(179:26 / Allies) erz: bet u die
(179:32 / Allies) agentcodybanks: no way
(179:50 / Allies) agentcodybanks: cant click it
(218:02 / Allies) agentcodybanks: so
(218:06 / Allies) agentcodybanks: u still here erz
(218:10 / Allies) erz: yes
(218:14 / Allies) erz: i just planted critters
(218:18 / Allies) erz: incase he kills that wisp
(218:18 / Allies) agentcodybanks: im bored as fuck
(218:21 / Allies) erz: me too
(218:23 / Allies) agentcodybanks: think i might leave u and dex alone
(218:27 / Allies) erz: jerk
(218:30 / Allies) agentcodybanks: ya
(218:46 / Allies) agentcodybanks: ya im big jerk
(218:48 / Allies) erz: how long has dex been afk
(218:50 / Allies) erz: over an hour?
(218:56 / Allies) agentcodybanks: but i promised lawlibrary
(218:57 / Allies) agentcodybanks: id leave
(219:02 / Allies) agentcodybanks: more than hour
(219:05 / Allies) agentcodybanks: more like four hours
(219:07 / Allies) erz: wtf
(219:16 / Allies) erz: ff my critter
(219:19 / Allies) agentcodybanks: they faerie fired u
(219:37 / Allies) agentcodybanks: i guess thats how you tell mech. critter from real
(219:45 / Allies) agentcodybanks: get a dott and see if it faerie fires
(219:51 / Allies) erz: i guess
(219:58 / Allies) erz: i doubt the dude did that
(220:02 / Allies) agentcodybanks: ya
(220:09 / Allies) erz: he killed the altar
(220:11 / Allies) agentcodybanks: lovin the pit lord
(220:13 / Allies) agentcodybanks: noticed
(220:20 / Allies) agentcodybanks: welp
(220:23 / Allies) agentcodybanks: see
(220:24 / Allies) agentcodybanks: you
(220:25 / Allies) erz: well
(220:25 / Allies) agentcodybanks: l8
(220:26 / Allies) agentcodybanks: r
(220:29 / Allies) erz: maybe i should leave too
(220:32 / Allies) erz: dex can win
(220:38 / Allies) agentcodybanks: hes a big jerk anyway
(273:43 / All) Neilyo[sk]: Hey yellow, you there?
(282:47 / All) Dexanth: Hmm
(282:50 / All) Dexanth: I forgot this was open
(286:43 / All) Dexanth: Hmm
(286:44 / All) Dexanth: To win
(286:47 / All) Neilyo[sk]: damn man
(286:48 / All) Dexanth: I guess so, I might disconnect
(287:00 / All) Neilyo[sk]: You won't give the win to me for all this time?
(287:01 / All) Neilyo[sk]: :(